 Dungeon Crawl Stone Soup version 0.21.0 (webtiles) character file.

8416 bombasticus the Basher (level 11, -4/68 HPs)
             Began as a Gargoyle Berserker on Jan 9, 2018.
             Was a High Priest of Trog.
             Killed from afar by an efreet (22 damage)
             ... with a bolt of fire
             ... on level 10 of the Dungeon on Jan 10, 2018.
             The game lasted 00:23:28 (9069 turns).

bombasticus the Basher (Gargoyle Berserker)         Turns: 9069, Time: 00:23:29

Health: -4/68      AC: 25    Str: 27    XL:     11   Next: 30%
Magic:  11/11      EV:  5    Int:  8    God:    Trog [*****.]
Gold:   475        SH: 17    Dex:  9    Spells: 10/10 levels left

rFire    . . .     SeeInvis .   E - +6 flail (venom)
rCold    . . .     Gourm    .   J - +0 large shield
rNeg     + . .     Faith    .   y - +0 plate armour
rPois    ∞         Spirit   .   e - +0 helmet
rElec    +         Reflect  .   O - scarf {repulsion}
rCorr    .         Harm     .   q - +0 pair of gloves
MR       ++...                  Q - +0 pair of boots
Stlth    ..........             G - amulet of regeneration
HPRegen  1.61/turn              i - +3 ring of strength
MPRegen  0.12/turn              (no ring)

@: regenerating, repel missiles
A: negative energy resistance 1, electricity resistance, unbreathing,
petrification resistance, rot immunity, AC +8
a: Berserk, Trog's Hand, Brothers in Arms, Burn Spellbooks, Renounce Religion


You were on level 10 of the Dungeon.
You worshipped Trog.
Trog was extremely pleased with you.
You were not hungry.

You visited 1 branch of the dungeon, and saw 10 of its levels.

You collected 489 gold pieces.
You spent 14 gold pieces at shops.

Inventory:

Hand Weapons
 a - a +0 falchion
 l - a +2 dagger of speed
 o - a +2 spear of freezing
 p - a +4 short sword
 t - a cursed -2 dagger
 u - a +3 dagger
 D - a +0 dagger of protection
 E - a +6 flail of venom (weapon)
 H - a +0 shortbow
 N - a cursed -2 halberd
 U - a cursed -2 dagger
Missiles
 I - 2 tomahawks of dispersal (quivered)
Armour
 e - a +0 helmet (worn)
 n - a +3 leather armour
 q - a +0 pair of gloves (worn)
 y - a +0 plate armour (worn)
 J - a +0 large shield (worn)
 O - a scarf of repulsion (worn)
 Q - a +0 pair of boots (worn)
Jewellery
 i - a +3 ring of strength (left hand)
 G - an amulet of regeneration (around neck)
Wands
 R - a wand of scattershot (8)
 S - a wand of disintegration (11)
Scrolls
 b - a scroll of fear {unknown}
 d - 4 scrolls of remove curse
 f - a scroll of magic mapping {unknown}
 h - 2 scrolls of random uselessness {unknown}
 k - 3 scrolls of blinking {unknown}
 m - 2 scrolls of amnesia {unknown}
 r - a scroll of noise {unknown}
 w - a scroll of immolation {unknown}
 x - 3 scrolls of teleportation {unknown}
Potions
 g - 5 potions of agility
 j - 13 potions of curing
 v - 3 potions of heal wounds
 z - a potion of lignification {unknown}
 A - 2 potions of brilliance
 B - a potion of cancellation {unknown}
 C - 2 potions of flight {unknown}
 F - a potion of might {unknown}
 K - a potion of berserk rage
 L - a potion of magic {unknown}
 M - a potion of invisibility {unknown}
 P - a potion of resistance {unknown}
Comestibles
 c - 16 rations
 T - 8 chunks of flesh


   Skills:
 + Level 7.9 Fighting
 + Level 3.7(5.4) Short Blades
 + Level 6.1(6.7) Long Blades
 + Level 8.6 Maces & Flails
 + Level 8.1 Armour
 + Level 3.8 Dodging
 + Level 1.6 Stealth
 + Level 8.0 Shields


You had 10 spell levels left.
You didn't know any spells.

Dungeon Overview and Level Annotations

Branches:
Dungeon (10/15)            Temple (0/1) D:4            Lair (0/6) D:8
    Orc: D:9-12

Altars:
Dithmenos
Qazlal
Uskayaw
Xom
The Shining One

Shops:
D:10 !


Innate Abilities, Weirdness & Mutations

You are resistant to torment.
Your stone body is resilient. (AC +8)
You are immune to poison.
You resist negative energy. (rN+)
You are resistant to electric shocks. (rElec)
You can survive without breathing.
You are immune to petrification.
You are immune to rotting.


Message History

The steam dragon dies!
Your Shields skill increases to level 8!
Your skin crawls.
You feel resistant to hostile enchantments.
You feel somewhat more hungry.
You are engulfed in a cloud of scalding steam.
The efreet gestures at you. The bolt of fire hits you!
Unknown command.
You are engulfed in a cloud of scalding steam.
Your shield and plate armour prevent you from hitting the efreet.
The efreet hits you with a scimitar of flaming!
* * * LOW HITPOINT WARNING * * *
The efreet burns you.
* * * LOW HITPOINT WARNING * * *
You sock the efreet!
The efreet is moderately wounded.
The efreet gestures at you. The bolt of fire hits you!
You die...

..#######....##....'..........
..#................#..........
..#<...............#..........
..#................#......####
..##.........##...##......#
..##.........##...##.......#
.......##....##...##......##
.......########...##......#
........#...§§§R@.........
........#.................
........#...............$.
........#.................
##########################


You could see an efreet.

Vanquished Creatures
  Gastronok (D:9)
  A two-headed ogre (D:9)
  An unseen horror (D:9)
  The ghost of YTcomUltraviolent4 the Envoy of Void, a novice OpAK of Lugonu (D:9)
  Joseph (D:7)
  A komodo dragon (D:8)
  A hornet (D:7)
  A hippogriff (D:10)
  A steam dragon (D:9)
  Edmund (D:5)
  A soldier ant (D:10)
  A water moccasin (D:10)
  3 sky beasts
  A black bear (D:8)
  3 ogres
  2 centaurs (D:7)
  A big kobold (D:5)
  Blork the orc (D:5)
  3 bullfrogs
  17 killer bees
  5 wights (D:10)
  2 howler monkeys
  6 crimson imps
  2 jellies
  A quasit (D:9)
  12 orc priests
  2 hounds
  2 centaur skeletons
  7 orc wizards
  Jessica (D:3)
  A gnoll shaman (D:7)
  4 iguanas
  6 worker ants
  2 hound skeletons
  2 howler monkey zombies
  3 worker ant zombies
  7 gnolls
  12 adders
  2 shadow imps
  3 oozes
  A worm (D:4)
  8 dart slugs
  3 leopard geckos
  16 orcs
  12 giant cockroaches
  11 goblins
  9 hobgoblins
  2 jackals (D:6)
  7 quokkas
  2 ball pythons (D:1)
  4 bats
  4 frilled lizards
  9 kobolds
  2 quokka zombies
  9 rats
224 creatures vanquished.

Vanquished Creatures (others)
  A steam dragon (D:10)
  A plant (D:8)
2 creatures vanquished.

Grand Total: 226 creatures vanquished

Notes
Turn   | Place    | Note
-------+----------+-------------------------------------------
     0 | D:1      | bombasticus the Gargoyle Berserker began the quest for the Orb.
     0 | D:1      | Reached XP level 1. HP: 14/14 MP: 1/1
    54 | D:1      | Reached XP level 2. HP: 7/19 MP: 2/2
   423 | D:1      | Reached XP level 3. HP: 24/24 MP: 3/3
   755 | D:1      | Reached ** piety under Trog
   949 | D:2      | Reached XP level 4. HP: 19/29 MP: 4/4
  1249 | D:2      | Found a faded altar of an unknown god.
  1592 | D:3      | Noticed Jessica
  1601 | D:3      | Killed Jessica
  1601 | D:3      | Reached XP level 5. HP: 33/33 MP: 5/5
  1759 | D:3      | Reached XP level 6. HP: 27/39 MP: 6/6
  1854 | D:3      | Found a stormy altar of Qazlal.
  1960 | D:3      | Reached *** piety under Trog
  2602 | D:4      | Reached skill level 5 in Long Blades
  2602 | D:4      | Reached XP level 7. HP: 14/44 MP: 7/7
  3334 | D:4      | Found a staircase to the Ecumenical Temple.
  3399 | D:4      | Reached skill level 5 in Fighting
  3975 | D:5      | Entered Level 5 of the Dungeon
  4024 | D:5      | Noticed Blork the orc
  4070 | D:5      | Killed Blork the orc
  4205 | D:5      | Reached XP level 8. HP: 24/49 MP: 8/8
  4220 | D:5      | Reached skill level 1 in Short Blades
  4502 | D:5      | Reached **** piety under Trog
  4686 | D:5      | Reached skill level 1 in Shields
  4691 | D:5      | Reached skill level 5 in Armour
  4743 | D:5      | Noticed Edmund
  4764 | D:5      | Killed Edmund
  5304 | D:6      | Found a shimmering altar of Xom.
  5306 | D:6      | Found a hide-covered altar of Uskayaw.
  5306 | D:6      | Found a shadowy altar of Dithmenos.
  5315 | D:6      | Reached skill level 1 in Maces & Flails
  5315 | D:6      | Reached skill level 1 in Stealth
  5315 | D:6      | Reached XP level 9. HP: 52/55 MP: 9/9
  6216 | D:7      | Noticed Joseph
  6223 | D:7      | Killed Joseph
  6271 | D:7      | Noticed a hornet
  6282 | D:7      | Killed a hornet
  6799 | D:8      | Reached skill level 5 in Maces & Flails
  7035 | D:8      | Reached XP level 10. HP: 61/61 MP: 10/10
  7224 | D:8      | Found a staircase to the Lair.
  7639 | D:9      | Reached ***** piety under Trog
  7830 | D:9      | Found a glowing golden altar of the Shining One.
  7830 | D:9      | Noticed Gastronok
  7840 | D:9      | Killed Gastronok
  7904 | D:9      | Killed an unseen horror
  8117 | D:9      | Noticed YTcomUltraviolent4's ghost (novice OpAK)
  8117 | D:9      | Reached XP level 11. HP: 68/68 MP: 11/11
  8129 | D:9      | Killed YTcomUltraviolent4's ghost
  8137 | D:9      | Noticed a two-headed ogre
  8144 | D:9      | Killed a two-headed ogre
  8695 | D:10     | Entered Level 10 of the Dungeon
  8959 | D:10     | Found Nocluaw's Distillery.
  8962 | D:10     | Bought a potion of degeneration for 14 gold pieces
  9069 | D:10     | Killed from afar by an efreet

Skill      XL: |  1  2  3  4  5  6  7  8  9 10 11 |
---------------+----------------------------------+-----
Long Blades    | 3 4 5 6 |  6.1
Fighting       | 4 5 6 7 |  7.9
Dodging        | 2 3 |  3.8
Armour         | 3 4 5 7 8 |  8.1
Short Blades   | 3 |  3.7
Shields        | 2 3 7 8 |  8.0
Maces & Flails | 1 5 7 8 |  8.6
Stealth        | 1 |  1.6

Action                   |  1- 3 |  4- 6 |  7- 9 | 10-12 || total
-------------------------+-------+-------+-------+-------++-------
Melee: Falchion          |    91 |   247 |    59 |       ||   397
       Dagger            |       |       |   263 |       ||   263
       Flail             |       |       |   173 |   178 ||   351
Invok: Berserk           |     1 |     2 |     4 |     2 ||     9
       Trog's Hand       |       |       |     2 |     1 ||     3
       Burn Spellbooks   |       |       |       |     1 ||     1
  Use: Scroll            |       |       |       |     6 ||     6
  Eat: Chunk             |     1 |     7 |    17 |     5 ||    30
       Ration            |       |       |     1 |     1 ||     2
Armor: Animal skin       |     2 |       |       |       ||     2
       Leather armour    |    42 |   101 |       |       ||   143
       Plate armour      |       |    32 |   277 |   130 ||   439
Dodge: Dodged            |    71 |   183 |   105 |    46 ||   405
Block: Buckler           |       |     4 |    28 |       ||    32
       Large shield      |       |       |   101 |   194 ||   295
       Rpst.: Falchion   |    27 |    62 |     3 |       ||    92
